 Dungeon Sprint DCSS version 0.28.0-43-g3370ac3207 (webtiles) character file.

Game seed: 5981073760290281113

5300000 smarlow the Archmage (level 21, -33/187 HPs)
             Began as a Djinni Warper on Mar 9, 2022.
             Was the Champion of Makhleb.
             Killed by the air
             ... invoked by a tyrant
              (57 damage)
             ... in the Dungeon (Sprint VIII: "Arena of Blood").
             The game lasted 00:03:05 (53 turns).

smarlow the Archmage (Djinni Warper)                  Turns: 53, Time: 00:03:05

Health: -33/187    AC:  6    Str: 10    XL:     21   Next: 62%
Gold:   0          EV: 33    Int: 17    God:    Makhleb [******] SH:  0 Dex: 22

rFire   + + .      SeeInvis +   i - +∞ Axe of Woe
rCold   x . .      Faith    .   (shield currently unavailable)
rNeg    . . .      Spirit   .   b - +0 leather armour
rPois   ∞          Reflect  .   (no helmet)
rElec   .          Harm     .   (no cloak)
rCorr   .          Rampage  .   (no gloves)
Will    ++...      NoTele   +   (boots unavailable)
Stlth   +++.......              (no amulet)
HPRegen 0.41/turn               g - ring of see invisible
MPRegen 0.00/turn               (no ring)

@: flying, hasted, very quick
A: sickness immunity, fire resistance 2, cold vulnerability 1, float, innate
caster, HP casting, extra vitality 1
a: Renounce Religion, Minor Destruction, Lesser Servant of Makhleb, Major
Destruction, Greater Servant of Makhleb


You were in the Dungeon.
You worshipped Makhleb.
Makhleb was exalted by your worship.
You visited 1 branch

Inventory:

Hand Weapons
 a - a +0 hand axe
 i - the +∞ Axe of Woe (weapon)
   (You found it in the Dungeon)
Missiles
 d - 5 boomerangs of dispersal (quivered)
Armour
 b - a +0 leather armour (worn)
Jewellery
 g - a ring of see invisible (left hand)
Scrolls
 c - a scroll of blinking
Potions
 e - a potion of curing
 h - a potion of berserk rage


   Skills:
 O Level 27 Fighting
 + Level 3.6(4.4) Short Blades
 + Level 3.6(4.4) Long Blades
 O Level 27 Axes
 + Level 3.3(18.4) Maces & Flails
 + Level 3.3(18.4) Polearms
 + Level 3.6(5.0) Staves
 + Level 3.3(18.3) Slings
 + Level 3.3 Bows
 + Level 3.3 Crossbows
 O Level 27 Throwing
 O Level 27 Armour
 O Level 27 Dodging
 + Level 3.6 Stealth
 + Level 3.7 Shields
 + Level 3.7 Unarmed Combat
 O Level 27 Spellcasting
 + Level 3.7 Invocations
 + Level 3.7 Evocations


You had 12 spell levels left.
You knew the following spells:

 Your Spells              Type           Power      Damage    Failure   Level
a - Blink                 Tloc           100%       N/A       0%          2
b - Lesser Beckoning      Tloc           86%        N/A       0%          3
c - Gell's Gravitas       Tloc           86%        N/A       0%          3
d - Teleport Other        Tloc           86%        N/A       0%          3
e - Manifold Assault      Tloc           86%        N/A       0%          5
f - Animate Skeleton      Necr           100%       N/A       0%          1
g - Poisonous Vapours     Pois/Air       100%       N/A       0%          2
h - Ozocubu's Armour      Ice            86%        N/A       0%          3
i - Summon Lightning Spi  Summ/Air       86%        N/A       0%          4
j - Hailstorm             Conj/Ice       86%        3d17      0%          4
k - Fireball              Conj/Fire      43%        3d17      0%          5
l - Starburst             Conj/Fire      43%        6d12      0%          6
m - Dispersal             Tloc           43%        N/A       0%          6
n - Enfeeble              Hex            43%        N/A       1%          7
o - Summon Horrible Thin  Summ           43%        N/A       1%          8
Your spell library was empty.

Dungeon Overview and Level Annotations

Branches:
Dungeon (1/1)

Altars:
Makhleb

Annotations:
D The Servant


Innate Abilities, Weirdness & Mutations

You are immune to sickness and miasma.
You are immune to poison.
Your flesh is very heat resistant. (rF++)
You are vulnerable to cold. (rC-)
You float through the air rather than walking.
You learn spells naturally, not from books.
Your magical power is your life essence.
You have superior vitality. (+4 MHP)


Message History

A tyrant comes into view.
The tyrant shouts!
You hear a shout! x3
The bag of meat hits you with a +9 war axe!!!
You hear a shout! x3
A tyrant comes into view.
The tyrant gestures wildly while chanting.
The tyrant shouts!
You slash the bag of meat! You chop the bag of meat into pieces.
You kill the bag of meat!
Makhleb accepts your kill.
You feel better.
You hear a shout! x4
The Servant hits you from afar with a +9 glaive of flaming!!!!
Ouch! That really hurt!
* * * LOW HITPOINT WARNING * * *
The Servant burns you!
* * * LOW HITPOINT WARNING * * *
You hear a shout!
Your base Maces & Flails skill increases to level 3!
Your base Polearms skill increases to level 3!
Your base Slings skill increases to level 3!
Your Bows skill increases to level 3!
Your Crossbows skill increases to level 3!
Casting: Dispersal (safe; 0% risk of failure)
Confirm with . or Enter, or press ? or * to list all spells.
You don't have enough health to cast this spell.
Blink to where?
Press: ? - help, Dir - move target A tyrant, a destroyer, 15 bags of meat and a meat berserker come into view.
The destroyer is wielding a +9 vorpal great sword.
As you read the scroll of blinking, it crumbles to dust.
The bag of meat shouts! x5; The destroyer shouts!
The meat berserker shouts!
The bag of meat shouts! x2; You hear a shout! x3
A meat berserker comes into view. It is wielding a +9 battleaxe.
You hear a shout!
The bag of meat shouts! x2; You hear a shout!
You feel much better.
The bag of meat shouts!
You hear a shout! x3
The tyrant waves its bony arms in wide circles.
The air twists around and strikes you!!!
You die...

################
.......§§......####
.....)§§).......@.#
....##.##§#####......#
.......o).........o.o...
#...).##@##.......oooo..
....))).......X...o.oo.o
......).#.#.......#Oooo.
.....).)..L.....####Voo.
.....)))o.....XL.


Oo.. .......).......L. You could see a tentacled monstrosity (summoned), 2
tyrants, a destroyer, a large abomination (summoned), 2 meat berserkers and 16
bags of meat.

Vanquished Creatures
  3 vampire knights (D)
  4 ogres (D)
  2 two-headed ogres (D)
  31 orcs (D)
  A skeletal warrior (D)
41 creatures vanquished.

Notes
Turn   | Place    | Note
-------+----------+-------------------------------------------
     0 | D        | Found the +∞ Axe of Woe
     0 | D        | smarlow the Djinni Warper began the quest for the Orb.
     0 | D        | Reached XP level 1. HP: 18/18 MP: 0/0
     1 | D        | Noticed a bag of meat
     3 | D        | Became a worshipper of Makhleb the Destroyer
     5 | D        | Noticed a bag of meat
     6 | D        | Noticed a bag of meat
     6 | D        | Noticed a bag of meat
     6 | D        | Noticed a bag of meat
     6 | D        | Noticed a bag of meat
     6 | D        | Noticed a bag of meat
     8 | D        | Noticed a bag of meat
     9 | D        | Killed a bag of meat
     9 | D        | Noticed a large bag of meat
    10 | D        | Reached skill level 10 in Dodging
    10 | D        | Reached XP level 2. HP: 34/34 MP: 0/0
    10 | D        | Reached XP level 3. HP: 39/39 MP: 0/0
    10 | D        | Learned a level 1 spell: Animate Skeleton
    10 | D        | Reached XP level 4. HP: 45/45 MP: 0/0
    10 | D        | Reached XP level 5. HP: 50/50 MP: 0/0
    10 | D        | Learned a level 2 spell: Poisonous Vapours
    10 | D        | Reached XP level 6. HP: 56/56 MP: 0/0
    10 | D        | Reached XP level 7. HP: 61/61 MP: 0/0
    10 | D        | Learned a level 3 spell: Ozocubu's Armour
    10 | D        | Reached XP level 8. HP: 67/67 MP: 0/0
    10 | D        | Reached XP level 9. HP: 72/72 MP: 0/0
    10 | D        | Learned a level 4 spell: Summon Lightning Spire
    10 | D        | Reached XP level 10. HP: 78/78 MP: 0/0
    10 | D        | Reached XP level 11. HP: 84/84 MP: 0/0
    10 | D        | Learned a level 4 spell: Hailstorm
    10 | D        | Noticed a bag of meat
    10 | D        | Noticed a bag of meat
    10 | D        | Noticed a bag of meat
    11 | D        | Killed a bag of meat
    11 | D        | Reached * piety under Makhleb
    11 | D        | Killed a bag of meat
    11 | D        | Noticed a bag of meat
    11 | D        | Noticed a bag of meat
    11 | D        | Noticed a bag of meat
    12 | D        | Reached skill level 10 in Axes
    12 | D        | Reached XP level 12. HP: 49/94 MP: 0/0
    12 | D        | Reached XP level 13. HP: 52/99 MP: 0/0
    12 | D        | Learned a level 5 spell: Fireball
    12 | D        | Noticed a bag of meat
    12 | D        | Killed a bag of meat
    12 | D        | Killed a bag of meat
    12 | D        | Reached ** piety under Makhleb
    12 | D        | Noticed a meat berserker
    13 | D        | Reached XP level 14. HP: 108/108 MP: 0/0
    13 | D        | Killed a bag of meat
    13 | D        | Noticed a bag of meat
    13 | D        | Noticed a bag of meat
    13 | D        | Noticed a bag of meat
    14 | D        | Killed a bag of meat
    14 | D        | Noticed a bag of meat
    15 | D        | Killed a bag of meat
    15 | D        | Reached *** piety under Makhleb
    15 | D        | Killed a bag of meat
    16 | D        | Reached skill level 5 in Armour
    16 | D        | Reached skill level 15 in Dodging
    16 | D        | Reached XP level 15. HP: 118/118 MP: 0/0
    16 | D        | Learned a level 6 spell: Starburst
    16 | D        | Killed a large bag of meat
    16 | D        | Reached **** piety under Makhleb
    17 | D        | Reached skill level 5 in Throwing
    17 | D        | Reached XP level 16. HP: 114/128 MP: 0/0
    18 | D        | Reached skill level 27 in Spellcasting
    18 | D        | Killed a meat berserker
    18 | D        | Reached ***** piety under Makhleb
    19 | D        | Reached XP level 17. HP: 136/139 MP: 0/0
    19 | D        | Learned a level 6 spell: Dispersal
    19 | D        | Noticed a meat berserker
    20 | D        | Noticed a meat berserker
    21 | D        | Noticed a meat berserker
    22 | D        | Noticed a destroyer
    22 | D        | Noticed a large bag of meat
    23 | D        | Noticed a meat berserker
    24 | D        | Killed a meat berserker
    25 | D        | Reached XP level 18. HP: 157/157 MP: 0/0
    25 | D        | Noticed a large bag of meat
    25 | D        | Noticed a large bag of meat
    26 | D        | Noticed a destroyer
    27 | D        | Killed a meat berserker
    27 | D        | Reached ****** piety under Makhleb
    27 | D        | Killed a destroyer
    27 | D        | Noticed a large bag of meat
    28 | D        | Reached skill level 27 in Fighting
    28 | D        | Reached skill level 27 in Axes
    28 | D        | Reached skill level 27 in Dodging
    28 | D        | Reached XP level 19. HP: 174/174 MP: 0/0
    28 | D        | Learned a level 7 spell: Enfeeble
    28 | D        | Noticed an eight-headed meat hydra
    28 | D        | Noticed The Servant
    31 | D        | Killed a destroyer
    32 | D        | Reached XP level 20. HP: 181/181 MP: 0/0
    33 | D        | Noticed a destroyer
    35 | D        | Killed a meat berserker
    38 | D        | Killed a destroyer
    39 | D        | Reached skill level 27 in Armour
    39 | D        | Reached XP level 21. HP: 187/187 MP: 0/0
    39 | D        | Learned a level 8 spell: Summon Horrible Things
    47 | D        | Reached skill level 27 in Throwing
    49 | D        | Killed a large bag of meat
    50 | D        | Noticed a tyrant
    50 | D        | Noticed a tyrant
    51 | D        | HP: 4/187 [The Servant/+9 glaive of flaming (8)]
    52 | D        | Noticed a tyrant
    52 | D        | Noticed a destroyer
    52 | D        | Noticed a meat berserker
    52 | D        | Noticed a meat berserker
    53 | D        | Killed from afar by a tyrant

Illustrated notes

Levels and vault maps discovered:
D:        meatsprint

Skill      XL: |  1  2  3  4  5  6  7  8  9 10 11 12 13 14 15 16 17 18 19 20 21 |
---------------+----------------------------------------------------------------+-----
Fighting       | 9 11 12 14 16 18 23 27 | 27.0
Axes           | 7 10 12 14 16 20 25 27 | 27.0
Throwing       | 3 4 5 6 7 11 18 24 27 | 27.0
Armour         | 3 4 5 6 8 13 21 27 | 27.0
Dodging        | 10 12 13 15 17 19 22 27 | 27.0
Spellcasting   | 16 19 21 24 26 27 | 27.0
Short Blades   | 3 |  3.6
Long Blades    | 3 |  3.6
Maces & Flails | 3 |  3.3
Polearms       | 3 |  3.3
Staves         | 3 |  3.6
Slings         | 3 |  3.3
Bows           | 3 |  3.3
Crossbows      | 3 |  3.3
Stealth        | 3 |  3.6
Shields        | 3 |  3.7
Unarmed Combat | 3 |  3.7
Invocations    | 3 |  3.7
Evocations     | 3 |  3.7

Action                   |  1- 3 |  4- 6 |  7- 9 | 10-12 | 13-15 | 16-18 | 19-21 || total
-------------------------+-------+-------+-------+-------+-------+-------+-------++-------
Melee: Executioner's axe |     1 |       |       |     1 |     5 |     7 |     9 ||    23
 Cast: Hailstorm         |       |       |       |     1 |       |       |       ||     1
       Dispersal         |       |       |       |       |       |       |     3 ||     3
  Use: Potion            |     1 |       |       |       |       |       |     1 ||     2
       Scroll            |       |       |       |       |       |       |     1 ||     1
